 Dungeon Crawl Stone Soup version 0.30-b1-2-g02819fbbbe (webtiles) character file.

Game seed: 1183493814235795771

678 sanka the Destroyer (level 7, -12/40 HPs)
             Began as a Tengu Reaver on May 6, 2023.
             Mangled by a wyvern (15 damage)
             ... on level 4 of the Dungeon.
             The game lasted 00:09:00 (3748 turns).

sanka the Destroyer (Tengu Reaver)                  Turns: 3748, Time: 00:09:01

Health: -12/40     AC:  3    Str: 13    XL:     7   Next: 60%
Magic:  11/11      EV: 14    Int: 15    God:
Gold:   224        SH:  0    Dex: 12    Spells: 7/10 levels left

rFire   . . .        a - +0 long sword
rCold   . . .        (no shield)
rNeg    . . .        b - +0 leather armour
rPois   .            (helmet restricted)
rElec   .            (no cloak)
rCorr   .            (no gloves)
SInv    .            (boots unavailable)
Will    .....        (no amulet)
Stlth   +            (no ring)
HPRegen 0.26/turn    (no ring)
MPRegen 0.12/turn

%: no passive effects
@: flying quickly and evasively, quick
A: beak, talons 3, nimble flight
a: no special abilities


You were on level 4 of the Dungeon.
You visited 1 branch of the dungeon, and saw 4 of its levels.

You collected 224 gold pieces.

Inventory:

Hand Weapons
 a - a +0 long sword (weapon)
Armour
 b - a +0 leather armour (worn)
Jewellery
 d - a +6 ring of strength
 o - a ring of fire
Wands
 l - a wand of iceblast (10)
 s - a wand of flame (4)
 v - a wand of digging (7)
Scrolls
 e - a scroll of vulnerability {unknown}
 g - 4 scrolls of identify {unknown}
 h - a scroll of enchant weapon {unknown}
 i - a scroll of poison {unknown}
 k - 2 scrolls of torment {unknown}
 m - a scroll of amnesia {unknown}
 p - a scroll of enchant armour {unknown}
 q - 4 scrolls of silence {unknown}
 r - a scroll of fog {unknown}
 t - a scroll of teleportation {unknown}
 u - a scroll of magic mapping {unknown}
 y - a scroll of noise {unknown}
Potions
 c - a potion of cancellation {unknown}
 f - 2 potions of brilliance {unknown}
 j - a potion of attraction {unknown}
 n - a potion of curing {unknown}
 w - 2 potions of heal wounds {unknown}
 x - a potion of haste {unknown}


   Skills:
 - Level 2.0 Fighting
 + Level 7.1 Long Blades
 - Level 2.1 Dodging
 - Level 2.0 Spellcasting
 - Level 8.0 Conjurations
 - Level 1.0 Necromancy
 - Level 1.0 Translocations


You had 7 spell levels left.
You knew the following spells:

 Your Spells              Type           Power      Damage    Failure   Level
a - Kiss of Death         Conj/Necr      60%        2d10      4%          1
b - Momentum Strike       Conj/Tloc      30%        3d8       7%          2

Your spell library contained the following spells:

 Spells                   Type           Power      Damage    Failure   Level
 Hailstorm                Conj/Ice       13%        3d5       16%         3
 Confusing Touch          Hex            1%         N/A       63%         3
 Dispel Undead            Necr           4%         3d7       88%         4


Dungeon Overview and Level Annotations

Branches:
Dungeon (4/15)
 Temple: D:4-7

Altars:

Annotations:
D:2 1 runed translucent door, Crazy Yiuf


Innate Abilities, Weirdness & Mutations

You have a beak for a mouth.
You have claws for feet.
Your magical nature lets you fly swiftly and evasively.


Message History

The scorpion stings you.
Unknown command.
Unknown command.
You slash the scorpion!
You kill the scorpion!
You feel very sick.
Your Long Blades skill increases to level 7!
Unknown command.
You feel sick.
You feel sick.
The iguana hisses menacingly.
You feel sick.
You feel sick.
You feel sick.
You feel sick.
You feel sick.
The wyvern hisses menacingly.
The wyvern attacks as you move away! The wyvern bites you.
* * * LOW HITPOINT WARNING * * *
You feel sick.
You are no longer poisoned.
Okay, then.
Okay, then.
Okay, then.
Okay, then.
Aiming: Iceblast
Press: ? - help, Shift-Dir - straight line The mass of ice explodes!
The iceblast engulfs the wyvern!
The wyvern is moderately wounded.
You hear a shout!
The wyvern bites you.
* * * LOW HITPOINT WARNING * * *
The wyvern misses you.
Unknown command.
Aiming: Iceblast
Press: ? - help, Shift-Dir - straight line The mass of ice explodes!
The iceblast engulfs the wyvern!
The wyvern is almost dead.
The wyvern bites you!
You die...

#######.###..###.# #.......#
.................####..#.#####
.............###.............#
#.....####........<....#..#######
##...##.(#.......##.............#
##.##o..#......................#
#.#sl.##...###.##....#.........
+#.#'l##....# #.##....#.######.#
##...###.....###@##....#[# #.#
...8..........ll.........# #.#
##...###.....###.#.....#.######.#
+#.#).##..............#.........
#.#...##...###.#...#.#.######.#
##.##...#............[.........#
##...##..#.................####.#
#.....####...........#.#.#.#.##.#
.........................#.#.##.#


You could see a wyvern and an iguana.

Vanquished Creatures
  Grinder (D:3)
  An ogre (D:4)
  A black bear (D:4)
  2 scorpions (D:4)
  Robin (D:2)
  4 gnolls
  5 adders
  An ufetubus (D:4)
  2 worms
  A dart slug (D:4)
  4 orcs
  5 bats
  4 endoplasms
  14 hobgoblins
  3 jackals (D:1)
  7 kobolds
  4 quokkas
  9 ball pythons
  3 frilled lizards
  16 goblins
  8 rats
96 creatures vanquished.

Vanquished Creatures (others)
  9 plants (D:1)
9 creatures vanquished.

Grand Total: 105 creatures vanquished

Notes
Turn   | Place    | Note
-------+----------+-------------------------------------------
     0 | D:1      | sanka the Tengu Reaver began the quest for the Orb.
     0 | D:1      | Reached XP level 1. HP: 12/12 MP: 4/4
   140 | D:1      | Reached XP level 2. HP: 17/17 MP: 6/6
   143 | D:1      | Learned a level 2 spell: Momentum Strike
   443 | D:1      | Reached XP level 3. HP: 16/19 MP: 5/7
   536 | D:1      | Reached skill level 5 in Conjurations
   867 | D:2      | Found a runed translucent door.
   868 | D:2      | Noticed Crazy Yiuf
  1082 | D:2      | Reached XP level 4. HP: 25/26 MP: 8/8
  1300 | D:2      | Noticed Robin
  1543 | D:2      | Reached skill level 1 in Necromancy
  1642 | D:2      | Killed Robin
  1643 | D:2      | Reached skill level 1 in Translocations
  1950 | D:3      | Reached skill level 6 in Conjurations
  2134 | D:3      | Noticed Grinder
  2309 | D:3      | Killed Grinder
  2310 | D:3      | Reached skill level 8 in Conjurations
  2310 | D:3      | Gained mutation: Your magical nature lets you fly swiftly
                  | and evasively. [Tengu growth]
  2310 | D:3      | Reached XP level 5. HP: 4/30 MP: 6/9
  2310 | D:3      | Reached XP level 6. HP: 5/35 MP: 6/10
  2882 | D:4      | Reached skill level 5 in Long Blades
  3082 | D:4      | Reached XP level 7. HP: 39/40 MP: 11/11
  3722 | D:4      | Noticed a wyvern
  3748 | D:4      | Mangled by a wyvern

Illustrated notes

Levels and vault maps discovered:
D:1:      dpeg_arrival_orchard, layout_basic, kennysheep_decorative_pillar,
          serial_bayou_lagoon_b
D:2:      layout_basic, uniq_robin, uniq_crazy_yiuf_cottage
D:3:      layout_basic, uniq_grinder
D:4:      cheibrodos_barr_body, layout_basic

Skill      XL: |  1  2  3  4  5  6  7 |
---------------+----------------------+-----
Long Blades    | 4 5 7 |  7.1
Conjurations   | 5 8 |  8.0
Necromancy     | 1 |  1.0
Translocations | 1 |  1.0
Fighting       | |  2.0
Dodging        | |  2.1
Spellcasting   | |  2.0

Action                     |  1- 3 |  4- 6 |  7- 9 || total
---------------------------+-------+-------+-------++-------
  Melee: Falchion          |    92 |    41 |       ||   133
         Kick              |    15 |    23 |     7 ||    45
         Peck              |     4 |    20 |     4 ||    28
         Punch             |     2 |       |       ||     2
         Long sword        |       |    51 |    33 ||    84
   Cast: Kiss of Death     |     1 |       |       ||     1
         Momentum Strike   |     1 |     7 |     4 ||    12
  Evoke: Wand              |       |    11 |     2 ||    13
 Armour: Leather armour    |    20 |    17 |     8 ||    45
  Dodge: Dodged            |    68 |    38 |    32 ||   138
